 Dungeon Crawl Stone Soup version 0.19-b1-4-gd8a0a2a (webtiles) character file.

300 Gorglomux the Firebug (level 6, -4/32 HPs)
             Began as a Deep Elf Fire Elementalist on Oct 31, 2016.
             Slain by a goblin
             ... wielding a +0 club
             ... led by Robin
              (9 damage)
             ... on level 3 of the Dungeon.
             The game lasted 00:07:47 (1907 turns).

Gorglomux the Firebug (Deep Elf Fire Elementalist)  Turns: 1907, Time: 00:07:47

Health: -4/32      AC:  3    Str:  5    XL:     6   Next: 13%
Magic:  0/14       EV: 18    Int: 22    God:
Gold:   90         SH:  0    Dex: 20    Spells: 3 memorised, 5 levels left

rFire  . . .     SeeInvis .     o - +2 scythe (slice)
rCold  . . .     Gourm    .     a - +0 robe
rNeg   . . .     Faith    .     (shield currently unavailable)
rPois  .         Spirit   .     r - +1 hat
rElec  .         Reflect  .     (no cloak)
rCorr  .         Harm     .     (no gloves)
MR     .....                    (no boots)
Stlth  +++.......               (no amulet)
                                (no ring)
                                (no ring)

@: agile
A: no striking features
a: no special abilities


You were on level 3 of the Dungeon.
You were not hungry.

You visited 1 branch of the dungeon, and saw 3 of its levels.

You collected 90 gold pieces.

Inventory:

Hand Weapons
 o - a +2 scythe of slicing (weapon)
Armour
 a - a +0 robe (worn)
 r - a +1 hat (worn)
Wands
 q - a wand of flame (27/48)
Scrolls
 d - 4 scrolls of teleportation {unknown}
 g - a scroll of noise {unknown}
 h - a scroll of fog {unknown}
 i - a scroll of enchant armour {unknown}
 j - a scroll of remove curse {unknown}
 m - a scroll of random uselessness {unknown}
 p - a scroll of amnesia {unknown}
Potions
 e - a potion of invisibility {unknown}
 l - a potion of flight {unknown}
 n - a potion of agility
Books
 b - a book of Flames

   Spells                             Type                      Level
   a - Flame Tongue                   Conjuration/Fire             1
   b - Throw Flame                    Conjuration/Fire             2
   c - Conjure Flame                  Conjuration/Fire             3
   d - Inner Flame                    Hexes/Fire                   3
   e - Sticky Flame                   Conjuration/Fire             4
   f - Fireball                       Conjuration/Fire             5
Comestibles
 c - a bread ration
 f - 2 beef jerkies
 k - a meat ration
 s - a chunk of flesh


   Skills:
 - Level 2.4 Dodging
 - Level 2.4 Stealth
 - Level 4.2 Spellcasting
 + Level 4.6 Conjurations
 + Level 5.4 Fire Magic


You had 5 spell levels left.
You knew the following spells:

 Your Spells              Type           Power        Failure   Level  Hunger
a - Flame Tongue          Conj/Fire      ####.        1%          1    None
b - Conjure Flame         Conj/Fire      ####....     4%          3    ##.....
c - Sticky Flame          Conj/Fire      ####....     14%         4    ####...


Dungeon Overview and Level Annotations

Branches:
Dungeon (3/15)

Altars:
Elyvilon


Message History

The goblin hits you with a club. The goblin closely misses you.
The hobgoblin hits you with a dagger. Robin throws the goblin at you!
Casting: Sticky Flame
Confirm with . or Enter, or press ? or * to list all spells.
Aiming: Sticky Flame
Press: ? - help, Shift-Dir - straight line, f - goblin, p - Robin
Aim: a goblin (unusually strong)
The sticky flame hits the goblin.
You kill the goblin!
Robin burns!
You kill Robin!
The goblin hits you with a club!
* * * LOW HITPOINT WARNING * * *
The goblin hits you with a club.
* * * LOW HITPOINT WARNING * * *
The hobgoblin closely misses you. The hobgoblin misses you.
It was a potion of agility.
You feel agile all of a sudden. The goblin hits you with a club!
You die...

..####)#####
.... ..# #)#
.... #.####)#
.... #.##...#
.##..##.#..###
........†.##
......%)..#
......g†g.#
.......@g##
......g).#
.....w...#
####r...##
#g#..# %.#..#
.. .... ...
....


You could see a dart slug, 2 hobgoblins, 3 goblins and a rat.

Vanquished Creatures
  Sigmund (D:2)
  An orc wizard (D:3)
  A hound skeleton (D:3)
  Robin (D:3)
  3 adders (D:2)
  3 worms
  3 leopard geckos
  2 orcs (D:3)
  A ball python (D:1)
  A giant cockroach (D:2)
  9 goblins
  9 hobgoblins
  2 jackals
  5 kobolds (D:2)
  10 bats
  3 frilled lizards
  5 rats
60 creatures vanquished.

Notes
Turn   | Place    | Note
-------+----------+-------------------------------------------
     0 | D:1      | Gorglomux the Deep Elf Fire Elementalist began the quest for the Orb.
     0 | D:1      | Reached XP level 1. HP: 10/10 MP: 6/6
   147 | D:1      | Reached XP level 2. HP: 14/15 MP: 0/8
   665 | D:2      | Reached XP level 3. HP: 19/19 MP: 5/10
   674 | D:2      | Learned a level 3 spell: Conjure Flame
   813 | D:2      | Reached skill level 4 in Fire Magic
  1148 | D:2      | Found a white marble altar of Elyvilon.
  1205 | D:2      | Reached XP level 4. HP: 24/24 MP: 7/12
  1310 | D:2      | Noticed Sigmund
  1317 | D:2      | Learned a level 4 spell: Sticky Flame
  1383 | D:2      | HP: 1/24 [Sigmund/scythe of slicing (2)]
  1386 | D:2      | Killed Sigmund
  1386 | D:2      | Reached skill level 5 in Fire Magic
  1386 | D:2      | Reached XP level 5. HP: 2/28 MP: 1/13
  1737 | D:3      | Noticed Robin
  1752 | D:3      | Reached XP level 6. HP: 17/32 MP: 4/14
  1906 | D:3      | Killed Robin
  1907 | D:3      | Slain by a goblin

Skill      XL: |  1  2  3  4 |
---------------+-------------+-----
Conjurations   | 2 4 |  4.6
Fire Magic     | 4 5 |  5.4
Spellcasting   | 4 |  4.2
Dodging        | |  2.4
Stealth        | |  2.4

Action                   |  1- 3 |  4- 6 || total
-------------------------+-------+-------++-------
Melee: Unarmed           |     3 |     1 ||     4
       Scythe            |       |    11 ||    11
 Cast: Flame Tongue      |    68 |    36 ||   104
       Sticky Flame      |       |     5 ||     5
  Use: Potion            |       |     1 ||     1
  Eat: Chunk             |       |     4 ||     4
Armor: Robe              |     7 |     6 ||    13
Dodge: Dodged            |    15 |    32 ||    47
